 Dungeon Crawl Stone Soup version 0.31-a0-971-g75a2e9a4b4 (webtiles) character file.

Game seed: 11431704632556113777

22 BinkBink the Ducker (level 2, -2/21 HPs)
             Began as an Octopode Fighter on Oct 28, 2023.
             Killed from afar by an orc wizard (9 damage)
             ... with a magic dart
             ... on level 2 of the Dungeon.
             The game lasted 00:00:35 (718 turns).

BinkBink the Ducker (Octopode Fighter)               Turns: 718, Time: 00:00:36

Health: -2/21      AC:  1    Str: 15    XL:     2   Next: 91%
Magic:  2/2        EV: 13    Int: 10    God:
Gold:   53         SH:  0    Dex: 11    Spells: 1/1 levels left

rFire   . .          .
                       - Unarmed
rCold   . . .        a - +0 buckler
rNeg    . . .        (helmet restricted)
rPois   .            (no amulet)
rElec   .            (no ring)
rCorr   .            (no ring)
SInv    .            (no ring)
Will    .....        (no ring)
Stlth   ++           (no ring)
HPRegen 0.23/turn    (no ring)
MPRegen 0.08/turn    (no ring)
                     (no ring)

%: no passive effects
@: confused
A: almost no armour, amphibious, 8 rings, camouflage 1, gelatinous body 1,
(nimble swimmer 1), tentacles
a: no special abilities


You were on level 2 of the Dungeon.
You visited 1 branch of the dungeon, and saw 2 of its levels.

You collected 53 gold pieces.

Inventory:

Armour
 a - a +0 buckler (worn)
Jewellery
 c - a ring of ice
Scrolls
 d - a scroll of brand weapon {unknown}
 e - 2 scrolls of teleportation {unknown}
 f - a scroll of amnesia {unknown}
 g - a scroll of revelation {unknown}
 i - 2 scrolls of identify {unknown}
Potions
 b - a potion of might
 h - a potion of curing {unknown}


   Skills:
 + Level 3.2 Fighting
 + Level 3.3 Dodging
 + Level 3.2 Shields
 + Level 2.3 Unarmed Combat


You had one spell level left.
You didn't know any spells.
Your spell library was empty.

Dungeon Overview and Level Annotations

Branches:
Dungeon (2/15)

Altars:


Innate Abilities, Weirdness & Mutations

You cannot wear most types of armour.
You are amphibious.
You can wear up to eight rings at the same time.
Your skin changes colour to match your surroundings (Stealth+).
Your rubbery body absorbs attacks. (AC +1, EV +1)
((You are camouflaged when in or above water. (Stealth+)))
You have tentacles for arms and can constrict up to eight enemies at once.


Message History

The endoplasm misses you.
You tentacle-slap the endoplasm but do no damage.
You squeeze the endoplasm.
You kill the endoplasm!
No target in view!
No target in view!
An orc wizard comes into view. It is wielding a +0 dagger.
The orc wizard shouts!
You hear a shout!
An orc wizard is nearby!
An orc wizard is nearby! 2 orcs come into view.
A frilled lizard comes into view.
An endoplasm and an orc come into view.
Found 10 gold pieces.
The orc wizard casts a spell.
The orc wizard flickers and vanishes!
Deactivating autopickup; reactivate with Ctrl-A.
An orc comes into view. It is wielding a +0 dagger.
The endoplasm quivers.
You miss something. You tentacle-slap the orc. You grab the orc.
The orc is lightly wounded.
You constrict the orc, but do no damage.
Something hits you. The orc hits you with a +0 war axe!
You closely miss something. You constrict the orc. Something hits you.
* * * LOW HITPOINT WARNING * * *
The orc barely misses you.
You closely miss something. Your squeeze misses something.
You constrict the orc, but do no damage.
You block something's attack. The orc barely misses you.
You tentacle-slap something.
You constrict the orc, but do no damage.
You hear some strange, mumbled words.
You are confused.
The orc barely misses you.
You bump into the rock wall.
You constrict the orc, but do no damage.
You hear some strange, mumbled words.
A magic dart appears from out of thin air!
The magic dart hits you!
You die...

....... ... .......
#.### ....o.. ....#
....l..#######.#.#
........o...##.#.###+#
........o...#..#.#....
...#......o.#....#....
....########o....#....
$.#
#...@{....#....###### .
.....#######.#..........
#.. #.#.....##### #
#.###+#.#....
#.......#.### #.......#
#.......# #.......#
+........#


You could see an orc.

Vanquished Creatures
  A ball python (D:1)
  2 bats (D:1)
  2 endoplasms
  A hobgoblin (D:1)
  4 jackals (D:1)
  A quokka (D:1)
  A frilled lizard (D:1)
  3 kobolds (D:1)
  4 rats (D:1)
19 creatures vanquished.

Notes
Turn   | Place    | Note
-------+----------+-------------------------------------------
     0 | D:1      | BinkBink the Octopode Fighter began the quest for the Orb.
     0 | D:1      | Reached XP level 1. HP: 16/16 MP: 1/1
   130 | D:1      | Reached XP level 2. HP: 21/21 MP: 2/2
   718 | D:2      | Killed from afar by an orc wizard

Illustrated notes

Levels and vault maps discovered:
D:1:      arrival_zaba_pyramid, layout_basic, minmay_cut_off
D:2:      layout_basic, minmay_statues_item

Action                     || total
---------------------------++-------
  Melee: Unarmed           ||    43
         Constrict         ||    11
         Tentacles         ||     8
   Stab: Sleeping          ||     7
 Armour: Skin              ||    19
  Dodge: Dodged            ||    20
  Block: Buckler           ||     4

Table legend: (Time is in decaauts)
 A = Elapsed time spent in this place.
 B = Non-inter-level travel time spent in this place.
 C = Inter-level travel time spent in this place.
 D = Time resting spent in this place.
 E = Time spent auto-exploring this place.
 F = Levels seen in this place.
 G = Mean time per level.
                   A        B        C        D        E       F      G
               +--------+--------+--------+--------+--------+-----+--------+
         Total |    717 |    692 |     25 |      0 |    576 |   2 |  358.5 |
       Dungeon |    717 |    692 |     25 |      0 |    576 |   2 |  358.5 |
               +--------+--------+--------+--------+--------+-----+--------+

Top non-repeatable levels by time:
     D:1: 649 daAuts
     D:2: 67 daAuts
